 Dungeon Crawl Stone Soup version 0.21.1-1-g345015f (webtiles) character file.

157 twistedcrescendo the Poker (level 5, 0/47 HPs)
             Began as a Minotaur Berserker on June 14, 2018.
             Was a Believer of Trog.
             Succumbed to Sigmund's poison
             ... on level 4 of the Dungeon.
             The game lasted 00:20:20 (2476 turns).

twistedcrescendo the Poker (Minotaur Berserker)     Turns: 2476, Time: 00:20:21

Health: 0/47       AC:  2    Str: 22    XL:     5   Next: 15%
Magic:  4/4        EV: 12    Int:  4    God:    Trog [**....]
Gold:   161        SH:  0    Dex: 10    Spells: 4/4 levels left

rFire    . . .     SeeInvis .   a - +0 spear
rCold    . . .     Gourm    .   (no shield)
rNeg     . . .     Faith    .   b - +0 animal skin
rPois    .         Spirit   .   (helmet restricted)
rElec    .         Reflect  .   (no cloak)
rCorr    .         Harm     .   (no gloves)
MR       .....                  (no boots)
Stlth    +.........             (no amulet)
HPRegen  0.15/turn              (no ring)
MPRegen  0.09/turn              (no ring)

@: confused, lethally poisoned (0 -> -31)
A: retaliatory headbutt, horns 2
a: Berserk, Trog's Hand, Burn Spellbooks, Renounce Religion


You were on level 4 of the Dungeon.
You worshipped Trog.
Trog was pleased with you.
You were not hungry.

You visited 1 branch of the dungeon, and saw 4 of its levels.

You collected 161 gold pieces.

Inventory:

Hand Weapons
 a - a +0 spear (weapon)
 g - a +4 club
 q - a +2 quarterstaff of chaos
Missiles
 d - 38 arrows
 i - 3 tomahawks (quivered)
Armour
 b - a +0 animal skin (worn)
Jewellery
 m - an uncursed amulet of guardian spirit {unknown}
Scrolls
 n - 2 scrolls of amnesia
 p - a scroll of immolation
Potions
 e - a potion of degeneration {unknown}
 f - 2 potions of magic {unknown}
 h - 4 potions of flight {unknown}
 j - a potion of curing {unknown}
 k - a potion of haste {unknown}
 l - a potion of brilliance {unknown}
Comestibles
 c - 6 rations
 o - 6 chunks of flesh


   Skills:
 + Level 4.8 Fighting
 + Level 5.1 Polearms
 + Level 1.3 Throwing
 + Level 3.0 Armour
 + Level 3.0 Dodging
 - Level 0.3 Stealth


You had 4 spell levels left.
You didn't know any spells.

Dungeon Overview and Level Annotations

Branches:
Dungeon (4/15)
 Temple: D:4-7

Altars:
Kikubaaqudgha
Nemelex Xobeh
Xom

Annotations:
D:4 Sigmund


Innate Abilities, Weirdness & Mutations

You reflexively headbutt those who attack you in melee.
You have a pair of horns on your head.


Message History

You feel less confused.
You feel sick.
You hear some strange, mumbled words.
You are confused.
You bump into the rock wall.
Something hits you.
You are more poisoned.
You're too confused!
You're too confused!
You're too confused!
You're too confused!
You're too confused!
You're too confused!
You're too confused!
You're too confused!
You're too confused!
You're too confused!
You feel sick. Something hits you!
* * * LOW HITPOINT WARNING * * *
You are more poisoned.
You die...

#.# #.. #.# # #.### .#
#.#.#####.#
####........# #
#........#.###.##
##'##..<.÷.......#
##.@.##.....÷.....#
##.....##..........#
##!#.{.#.####.......#
#.8.8.8.8.# ........#
#.......[...##..(......
+.....?..)..+..........
#...(.......##.##.###.#
##.8.8.8.8.###.. .. .#
##.#...#.##


There were no monsters in sight!

Vanquished Creatures
  The ghost of RottenKnight the Digger, a weakling GrEE (D:3)
  Crazy Yiuf (D:3)
  Jessica (D:3)
  An adder (D:3)
  An ooze (D:1)
  2 worms
  A dart slug (D:1)
  3 leopard geckos (D:4)
  6 bats
  3 giant cockroaches
  4 goblins
  4 hobgoblins
  3 quokkas
  4 frilled lizards
  8 kobolds
  5 rats
48 creatures vanquished.

Notes
Turn   | Place    | Note
-------+----------+-------------------------------------------
     0 | D:1      | twistedcrescendo the Minotaur Berserker began the quest for the Orb.
     0 | D:1      | Reached XP level 1. HP: 19/19 MP: 0/0
   332 | D:1      | Reached XP level 2. HP: 27/27 MP: 1/1
   343 | D:1      | Reached skill level 4 in Polearms
   824 | D:2      | Found a sparkling altar of Nemelex Xobeh.
  1024 | D:2      | Reached XP level 3. HP: 33/33 MP: 2/2
  1124 | D:2      | Found an ancient bone altar of Kikubaaqudgha.
  1502 | D:3      | Noticed RottenKnight's ghost (weakling GrEE)
  1503 | D:3      | Noticed Jessica
  1514 | D:3      | Killed RottenKnight's ghost
  1515 | D:3      | Killed Jessica
  1515 | D:3      | Reached XP level 4. HP: 28/41 MP: 3/3
  1618 | D:3      | Reached ** piety under Trog
  1747 | D:3      | Found a runed door.
  1751 | D:3      | Noticed Crazy Yiuf
  1755 | D:3      | Killed Crazy Yiuf
  1755 | D:3      | Reached skill level 5 in Polearms
  1755 | D:3      | Reached skill level 1 in Throwing
  1755 | D:3      | Reached XP level 5. HP: 47/47 MP: 4/4
  1884 | D:3      | Found a shimmering altar of Xom.
  2458 | D:4      | Noticed Sigmund
  2476 | D:4      | Succumbed to Sigmund's poison

Skill      XL: |  1  2  3  4 |
---------------+-------------+-----
Fighting       | 4 |  4.8
Polearms       | 4 5 |  5.1
Armour         | 3 |  3.0
Throwing       | 1 |  1.3
Dodging        | 3 |  3.0
Stealth        | |  0.3

Action                   |  1- 3 |  4- 6 || total
-------------------------+-------+-------++-------
Melee: Spear             |    47 |    39 ||    86
       Headbutt          |     5 |     5 ||    10
Throw: Tomahawk          |    10 |    31 ||    41
Invok: Berserk           |     1 |     3 ||     4
  Use: Scroll            |     3 |     1 ||     4
 Stab: Sleeping          |     1 |       ||     1
  Eat: Chunk             |     3 |     5 ||     8
Armor: Animal skin       |     5 |     8 ||    13
Dodge: Dodged            |    23 |    20 ||    43
